 Dungeon Crawl Stone Soup version 0.23.0 (webtiles) character file.

Game seed: 12528019351413222480

6188 LeeMoriya the Basher (level 10, -3/91 HPs)
             Began as a Minotaur Berserker on Feb 9, 2019.
             Was an Elder of Trog.
             Slain by a six-headed hydra (6 damage)
             ... on level 8 of the Dungeon.
             The game lasted 00:36:47 (7782 turns).

LeeMoriya the Basher (Minotaur Berserker)           Turns: 7782, Time: 00:36:47

Health: -3/91      AC: 11    Str: 24    XL:     10   Next: 60%
Magic:  9/9        EV: 13    Int:  9    God:    Trog [****..]
Gold:   381        SH:  0    Dex: 11    Spells: 9/9 levels left

rFire    + + .     SeeInvis .   y - +4 falchion
rCold    + . .     Gourm    .   (no shield)
rNeg     . . .     Faith    .   i - +3 scale mail {rF+}
rPois    .         Spirit   .   (helmet restricted)
rElec    .         Reflect  .   o - scarf {rC+ rF+}
rCorr    .         Harm     .   (no gloves)
MR       .....                  (no boots)
Stlth    +.........             (no amulet)
HPRegen  0.25/turn              A - +3 ring of intelligence
MPRegen  0.11/turn              (no ring)

@: berserk cooldown, slowed, very slow
A: retaliatory headbutt, claws 1, horns 2, clever 1
a: Berserk, Trog's Hand, Brothers in Arms, Renounce Religion


You were on level 8 of the Dungeon.
You worshipped Trog.
Trog was greatly pleased with you.
You were not hungry.

You visited 2 branches of the dungeon, and saw 9 of its levels.

You collected 589 gold pieces.
You spent 208 gold pieces at shops.

Inventory:

Hand Weapons
 y - a +4 falchion (weapon)
Armour
 i - a +3 scale mail of fire resistance (worn)
 o - a scarf of resistance (worn)
Jewellery
 A - a +3 ring of intelligence (left claw)
Wands
 b - a wand of acid (11)
 r - a wand of flame (19)
 u - a wand of paralysis (8)
 x - a wand of polymorph (4)
Scrolls
 a - a scroll of identify
 e - 2 scrolls of immolation
 l - 3 scrolls of teleportation
 n - 2 scrolls of remove curse
 s - 3 scrolls of magic mapping
 t - a scroll of fear {unknown}
 v - a scroll of silence {unknown}
Potions
 d - 3 potions of curing {unknown}
 f - 3 potions of degeneration {unknown}
 g - 2 potions of heal wounds
 k - 2 potions of might {unknown}
 m - 2 potions of haste {unknown}
 p - 3 potions of flight {unknown}
 q - a potion of lignification {unknown}
 w - a potion of mutation
 z - a potion of magic {unknown}
Comestibles
 c - 16 rations


   Skills:
 + Level 9.5 Fighting
 + Level 5.7 Long Blades
   Level 11.2 Maces & Flails
 + Level 10.0 Armour
 + Level 5.8 Dodging
 + Level 2.3 Stealth
 + Level 0.6 Evocations


You had 9 spell levels left.
You didn't know any spells.
Your spell library contained the following spells:

 Spells                   Type           Power        Failure   Level  Hunger
 Confusing Touch          Hex            #.....       63%         1    ##.....
 Sandblast                Erth           #.....       63%         1    ##.....
 Passwall                 Tmut/Erth      #.......     77%         2    ###....
 Confuse                  Hex            #.......     94%         3    ####...
 Gell's Gravitas          Tloc           #.........   94%         3    ####...
 Stone Arrow              Conj/Erth      #.....       94%         3    ####...
 Petrify                  Tmut/Erth      #.......     100%        4    #####..
 Lee's Rapid Deconstruct  Erth           #.........   100%        5    ######.
 Metabolic Englaciation   Hex/Ice        #.........   100%        5    ######.
 Yara's Violent Unravell  Hex/Tmut       #.........   100%        5    ######.


Dungeon Overview and Level Annotations

Branches:
Dungeon (8/15)             Temple (1/1) D:7
   Lair: D:8-11

Altars:
Ashenzari
Dithmenos
Elyvilon
Fedhas
Gozag
Hepliaklqana
Kikubaaqudgha
Makhleb
Nemelex Xobeh
Okawaru
Ru
Sif Muna
Trog
Uskayaw
Vehumet
Wu Jian
Xom
Yredelemnul
The Shining One

Shops:
D:7 *


Innate Abilities, Weirdness & Mutations

You reflexively headbutt those who attack you in melee.
You have a pair of horns on your head.
You have sharp fingernails.
Your mind is acute. (Int +2)


Message History

The six-headed hydra barely misses you. The six-headed hydra bites you.
* * * LOW HITPOINT WARNING * * *
The six-headed hydra bites you but does no damage.
The six-headed hydra bites you.
* * * LOW HITPOINT WARNING * * *
The six-headed hydra bites you!
* * * LOW HITPOINT WARNING * * *
The six-headed hydra bites you.
* * * LOW HITPOINT WARNING * * *
The big kobold hits you but does no damage.
The six-headed hydra bites you!
* * * LOW HITPOINT WARNING * * *
The six-headed hydra completely misses you.
The six-headed hydra bites you but does no damage.
The six-headed hydra bites you.
* * * LOW HITPOINT WARNING * * *
The six-headed hydra bites you.
* * * LOW HITPOINT WARNING * * *
The six-headed hydra bites you.
You die...

####################
#.....<.(÷#.....#..#
...#######.#≈....'..#
#.#..P..'..#
#.@D....'..#
#.....#K....#..#
#.###.#≈.P≈P##'#
..#P≈≈≈≈#.%#
#.##PP≈P.+).# !.
########## #.. #..


You could see a six-headed hydra (inner flame) and a big kobold (inner flame).

Vanquished Creatures
  Harold (D:7)
  Pikel (D:7)
  The ghost of emiel the Chopper, a novice DsHu of Okawaru (D:6)
  A queen bee (D:6)
  2 dream sheep (D:8)
  A hippogriff (D:7)
  3 yaks
  Duvessa (D:6)
  A water moccasin (D:6)
  3 ice beasts
  An orc warrior (D:6)
  7 ogres
  2 phantoms
  3 centaurs (D:7)
  2 big kobolds (D:8)
  A bullfrog (D:7)
  Dowan (D:6)
  5 scorpions
  5 killer bees (D:6)
  5 wights (D:7)
  A howler monkey (D:6)
  A crimson imp (D:7)
  A quasit (D:7)
  A centaur zombie (D:5)
  2 bullfrog skeletons
  An orc priest (D:4)
  Crazy Yiuf (D:2)
  4 hounds
  5 orc wizards
  3 iguanas
  Terence (D:2)
  7 worker ants
  2 hound skeletons
  Robin (D:2)
  2 worker ant zombies (D:5)
  7 gnolls
  10 adders
  A shadow imp (D:7)
  3 adder skeletons
  2 worms
  A dart slug (D:5)
  24 orcs
  A ball python (D:4)
  8 bats
  5 giant cockroaches
  19 goblins
  3 hobgoblins (D:2)
  6 jackals
  9 kobolds
  2 quokkas (D:7)
  A ball python zombie (D:4)
  2 frilled lizards
  A giant cockroach zombie (D:5)
  A leopard gecko skeleton (D:4)
  3 rats
  A plant (D:7)
190 creatures vanquished.

Vanquished Creatures (others)
  A goblin (D:2)
  A plant (D:7)
2 creatures vanquished.

Grand Total: 192 creatures vanquished

Notes
Turn   | Place    | Note
-------+----------+-------------------------------------------
     0 | D:1      | LeeMoriya the Minotaur Berserker began the quest for the
                  | Orb.
     0 | D:1      | Reached XP level 1. HP: 19/19 MP: 0/0
   139 | D:1      | Reached XP level 2. HP: 23/27 MP: 1/1
   162 | D:1      | Reached skill level 4 in Maces & Flails
   412 | D:1      | Reached ** piety under Trog
   477 | D:1      | Found a shimmering altar of Xom.
   726 | D:2      | Noticed Terence
   730 | D:2      | Killed Terence
   730 | D:2      | Reached XP level 3. HP: 34/34 MP: 2/2
   964 | D:2      | Noticed Robin
   982 | D:2      | Killed Robin
   982 | D:2      | Reached XP level 4. HP: 10/41 MP: 3/3
  1010 | D:2      | Found a runed translucent door.
  1011 | D:2      | Noticed Crazy Yiuf
  1027 | D:2      | Killed Crazy Yiuf
  2069 | D:3      | Found a blossoming altar of Fedhas.
  2264 | D:3      | Reached skill level 5 in Maces & Flails
  2354 | D:3      | Found a radiant altar of Vehumet.
  2370 | D:3      | Reached XP level 5. HP: 47/47 MP: 4/4
  2391 | D:3      | Noticed an ogre
  2401 | D:3      | Reached skill level 5 in Fighting
  2408 | D:3      | Killed an ogre
  2975 | D:4      | Found a shattered altar of Ashenzari.
  2983 | D:4      | Reached XP level 6. HP: 56/56 MP: 5/5
  3028 | D:4      | Found a transporter.
  3028 | D:4      | Noticed a yak
  3039 | D:4      | Reached skill level 6 in Maces & Flails
  3043 | D:4      | Found a transporter.
  3049 | D:4      | Found an iron altar of Okawaru.
  3057 | D:4      | Killed a yak
  3057 | D:4      | Reached XP level 7. HP: 54/63 MP: 6/6
  3169 | D:4      | Reached *** piety under Trog
  3284 | D:4      | Reached skill level 7 in Maces & Flails
  3309 | D:4      | Reached skill level 5 in Armour
  3490 | D:4      | Reached skill level 8 in Maces & Flails
  3682 | D:4      | Reached XP level 8. HP: 70/70 MP: 7/7
  3830 | D:5      | Entered Level 5 of the Dungeon
  3932 | D:5      | Found a hazy altar of Hepliaklqana.
  4125 | D:5      | Reached **** piety under Trog
  4235 | D:5      | Reached skill level 9 in Maces & Flails
  4635 | D:6      | Noticed Duvessa
  4635 | D:6      | Noticed Dowan
  4678 | D:6      | Killed Duvessa
  4688 | D:6      | Killed Dowan
  4688 | D:6      | Reached skill level 5 in Dodging
  4973 | D:6      | Noticed a queen bee
  4974 | D:6      | Noticed emiel's ghost (novice DsHu)
  4992 | D:6      | Found a transporter.
  4996 | D:6      | Found a transporter.
  5119 | D:6      | Reached XP level 9. HP: 79/79 MP: 8/8
  5133 | D:6      | Killed emiel's ghost
  5133 | D:6      | Reached skill level 10 in Maces & Flails
  5136 | D:6      | Killed a queen bee
  5981 | D:7      | Reached skill level 11 in Maces & Flails
  5991 | D:7      | Found Wyss's General Store.
  5994 | D:7      | Found a burning altar of Makhleb.
  5994 | D:7      | Found a sparkling altar of Nemelex Xobeh.
  6011 | D:7      | Bought a potion of heal wounds for 65 gold pieces
  6011 | D:7      | Bought a potion of mutation for 104 gold pieces
  6011 | D:7      | Bought a scroll of remove curse for 39 gold pieces
  6011 | D:7      | Gained mutation: You have sharp fingernails. [potion of
                  | mutation]
  6011 | D:7      | Gained mutation: Your mind is acute. (Int +2) [potion of
                  | mutation]
  6018 | D:7      | Found a white marble altar of Elyvilon.
  6440 | D:7      | Reached skill level 1 in Long Blades
  6440 | D:7      | Reached XP level 10. HP: 80/90 MP: 9/9
  6443 | D:7      | Noticed Harold
  6459 | D:7      | Killed Harold
  6459 | D:7      | Reached skill level 1 in Stealth
  6514 | D:7      | Found a staircase to the Ecumenical Temple.
  6590 | Temple   | Entered the Ecumenical Temple
  7116 | D:7      | Noticed Pikel
  7129 | D:7      | Killed Pikel
  7556 | D:8      | Reached skill level 5 in Long Blades
  7563 | D:8      | Reached skill level 10 in Armour
  7768 | D:8      | Noticed a three-headed hydra
  7782 | D:8      | HP: 3/91 [six-headed hydra (2)]
  7782 | D:8      | Slain by a six-headed hydra

Skill      XL: |  1  2  3  4  5  6  7  8  9 10 |
---------------+-------------------------------+-----
Maces & Flails | 4 5 6 8 9 11 | 11.2
Fighting       | 4 5 6 7 8 9 |  9.5
Armour         | 3 4 5 7 9 10 | 10.0
Dodging        | 3 4 5 |  5.8
Long Blades    | 1 5 |  5.7
Stealth        | 2 |  2.3
Evocations     | |  0.6

Action                   |  1- 3 |  4- 6 |  7- 9 | 10-12 || total
-------------------------+-------+-------+-------+-------++-------
Melee: Mace              |    62 |    89 |   300 |       ||   451
       Headbutt          |     4 |    13 |    70 |    28 ||   115
       Falchion          |       |       |    34 |    89 ||   123
Invok: Berserk           |     1 |     1 |     4 |     3 ||     9
       Trog's Hand       |     1 |       |       |       ||     1
Evoke: Wand              |       |       |       |     3 ||     3
  Use: Scroll            |       |     6 |     4 |     1 ||    11
       Potion            |       |       |     1 |     1 ||     2
 Stab: Paralysed         |       |       |       |     6 ||     6
  Eat: Ration            |     1 |     2 |     5 |     2 ||    10
       Chunk             |       |       |     1 |       ||     1
Armor: Animal skin       |     7 |       |       |       ||     7
       Leather armour    |     9 |       |       |       ||     9
       Scale mail        |       |    47 |   146 |    34 ||   227
Dodge: Dodged            |    46 |    53 |   214 |    44 ||   357
       Rpst.: Falchion   |       |       |     9 |    11 ||    20
